 Dungeon Crawl Stone Soup version 0.32-a0-43-g058985b245 (webtiles) character file.

Game seed: 14795771695339264455

28 Atlas the Firebug (level 2, 0/19 HPs)
             Began as a Demonspawn Fire Elementalist on Feb 5, 2024.
             Killed from afar by an orc wizard (3 damage)
             ... with a puff of flame
             ... on level 1 of the Dungeon.
             The game lasted 00:01:05 (1004 turns).

Atlas the Firebug (Demonspawn Fire Elementalist)    Turns: 1004, Time: 00:01:06

Health: 0/19       AC:  4    Str:  8    XL:     2   Next: 96%
Magic:  1/5        EV: 12    Int: 15    God:
Gold:   42         SH:  0    Dex: 13    Spells: 4/5 levels left

rFire   . . .        (no weapon)
rCold   . . .        (no shield)
rNeg    . . .        a - +0 robe
rPois   .            (no helmet)
rElec   .            (no cloak)
rCorr   .            (no gloves)
SInv    .            (no boots)
Will    .....        (no amulet)
Stlth   ++           (no ring)
HPRegen 0.23/turn    (no ring)
MPRegen 0.09/turn

%: no passive effects
@: no status effects
A: slimy green scales 1
a: no special abilities


You were on level 1 of the Dungeon.
You visited 1 branch of the dungeon, and saw 2 of its levels.

You collected 42 gold pieces.

Inventory:

Armour
 a - a +0 robe (worn)
Scrolls
 d - a scroll of brand weapon {unknown}
 f - a scroll of identify {unknown}
Potions
 b - a potion of magic
 c - a potion of might {unknown}
 e - a potion of lignification {unknown}
 g - 2 potions of attraction {unknown}


   Skills:
 + Level 1.8 Dodging
 + Level 2.0 Stealth
 + Level 2.4 Spellcasting
 + Level 1.0 Conjurations
 + Level 3.2 Fire Magic


You had 4 spell levels left.
You knew the following spells:

 Your Spells              Type           Power      Damage    Failure   Level
a - Foxfire               Conj/Fire      32%        2x1d5     9%          1

Your spell library contained the following spells:

 Spells                   Type           Power      Damage    Failure   Level
 Scorch                   Fire           22%        2d5       9%          2
 Inner Flame              Hex/Fire       6%         N/A       32%         3
 Volatile Blastmotes      Fire/Tloc      12%        2d11      32%         3
 Flame Wave               Conj/Fire      8%         2d5       65%         4


Dungeon Overview and Level Annotations

Branches:
Dungeon (2/15)

Altars:


Innate Abilities, Weirdness & Mutations

You are partially covered in slimy green scales. (AC +2)


Message History

You closely miss the orc wizard.
The foxfire hits the orc wizard but does no damage. x2
The orc wizard closely misses you.
Unknown command.
The orc wizard casts a spell at you. The puff of flame hits you.
Things that are here:
a +0 club; an orc corpse
Casting: Foxfire (safe; 9% risk of failure)
Confirm with . or Enter, or press ? or * to list all spells.
You conjure some foxfire!
The foxfire hits the orc wizard.
The orc wizard is lightly wounded.
You hit the orc wizard.
The orc wizard is moderately wounded.
The foxfire hits the orc wizard but does no damage.
The orc wizard is moderately wounded.
Unknown command.
Casting: Foxfire (safe; 9% risk of failure)
Confirm with . or Enter, or press ? or * to list all spells.
You miscast Foxfire.
You are very lightly contaminated with residual magic.
Nothing appears to happen.
The orc wizard points at you and mumbles some strange words.
The magic dart hits you.
* * * LOW HITPOINT WARNING * * *
Press: ? - help, v - describe, . - travel
Here: an orc wizard, wielding a +0 dagger and wearing a +0 robe (moderately wounded)
A stone staircase leading down, spattered with blood.
Unknown command.
The orc wizard attacks as it pursues you!
The orc wizard misses you.
The orc wizard attacks as it pursues you!
The orc wizard hits you with a +0 dagger.
* * * LOW HITPOINT WARNING * * *
Your magical contamination has completely faded away.
The orc wizard attacks as it pursues you!
The orc wizard completely misses you. The orc wizard casts a spell at you.
The puff of flame hits you.
You die...

.#.# #......# ####### #. .#.#
#####...#### #.....#######'
...####.....#.# #.............
......'.....#.# #.............
###.###†...##.######.............
##.....†..........##.............
##...###..###......+.....#+##...#
..÷..##..#######.###....^#.##...#
.......>).....o.@...........'.(.#
....############.#########.##...#
....'..# #.####.####.##...#
....##.# #)..........##...#
....##.# #######...)÷..####...#
....##.# #.....'.......'......#
....##.#####+#####)......########
....##.............#######
....###............#


You could see an orc wizard.

Vanquished Creatures
  An orc (D:1)
  3 ball pythons (D:1)
  5 bats (D:1)
  An endoplasm (D:1)
  A goblin (D:1)
  2 hobgoblins (D:1)
  4 jackals (D:1)
  A quokka (D:1)
  2 frilled lizards (D:1)
  2 kobolds (D:1)
  2 rats (D:1)
24 creatures vanquished.

Vanquished Creatures (others)
  66 foxfires (D:1)
66 creatures vanquished.

Grand Total: 90 creatures vanquished

Notes
Turn   | Place    | Note
-------+----------+-------------------------------------------
     0 | D:1      | Atlas the Demonspawn Fire Elementalist began the quest for
                  | the Orb.
     0 | D:1      | Reached XP level 1. HP: 13/13 MP: 3/3
   129 | D:1      | Reached skill level 3 in Fire Magic
   227 | D:1      | Gained mutation: You are partially covered in slimy green
                  | scales. (AC +2) [demonic ancestry]
   227 | D:1      | Reached XP level 2. HP: 19/19 MP: 0/5
   676 | D:1      | Found a faded altar of an unknown god.
  1004 | D:1      | Killed from afar by an orc wizard

Illustrated notes

Levels and vault maps discovered:
D:1:      dpeg_arrival_court, layout_basic, dreamdust_ecumenical_altar_grove
D:2:      layout_basic, serial_shops, nicolae_shop_tiny_statue_garden,
          uniq_crazy_yiuf_cottage

Skill      XL: |  1  2 |
---------------+-------+-----
Fire Magic     | 3 |  3.2
Stealth        | 2 |  2.0
Dodging        | |  1.8
Spellcasting   | |  2.4
Conjurations   | |  1.0

Action                     || total
---------------------------++-------
  Melee: Unarmed           ||    29
   Cast: Foxfire           ||    38
 Armour: Robe              ||    32
  Dodge: Dodged            ||    40

Table legend: (Time is in decaauts)
 A = Elapsed time spent in this place.
 B = Non-inter-level travel time spent in this place.
 C = Inter-level travel time spent in this place.
 D = Time resting spent in this place.
 E = Time spent auto-exploring this place.
 F = Levels seen in this place.
 G = Mean time per level.
                   A        B        C        D        E       F      G
               +--------+--------+--------+--------+--------+-----+--------+
         Total |   1004 |    983 |     21 |      0 |    824 |   2 |  502.0 |
       Dungeon |   1004 |    983 |     21 |      0 |    824 |   2 |  502.0 |
               +--------+--------+--------+--------+--------+-----+--------+

Top non-repeatable levels by time:
     D:1: 1002 daAuts
     D:2: 1 daAuts
